Map: Winter Madness LE

Players

Elazer - Winner!

  • Race: Zerg Zerg
  • League: Master
  • Spawn Location: 11:00

Harstem

  • Race: Protoss Protoss
  • League: Grandmaster
  • Spawn Location: 5:00

VOD

Have the link to the VOD?

Description

Time

  • Played on: Jan. 31, 2026, 6:31 a.m.
  • Length: 8:03
Show
View Real Time Build Order
Export as new Build Order

Elazer Zerg - Winner!

Build Orders: Hatch First 

Get SALT Encoding   

  12  0:00  Drone  
  13  0:08  Drone  
  14  0:14  Extractor, Drone  
  15  0:21  Overlord  
  15  0:40  Drone  
  16  0:45  Hatchery  
  16  0:49  Drone  
  16  0:52  Drone  
  16  0:55  Drone  
  18  1:06  Extractor  
  18  1:11  Spawning Pool  
  16  1:14  Drone  
  16  1:18  Drone  
  18  1:26  Drone  
  19  1:38  Drone  
  20  1:48  Drone  
  21  1:57  Queen x2  
  21  1:58  Zergling x2  
  21  1:59  Overlord  
  27  2:08  Drone  
  27  2:10  Metabolic Boost  
  27  2:12  Drone  
  28  2:19  Drone  
  28  2:21  Drone  
  30  2:31  Drone  
  30  2:35  Queen  
  33  2:41  Hatchery  
  32  2:46  Overlord  
  32  2:49  Drone x2  
  34  2:54  Drone x2  
  36  3:04  Overlord  
  37  3:05  Drone x3  
  37  3:07  Drone  
  37  3:10  Drone x2  
  37  3:11  Drone  
  43  3:19  Drone  
  44  3:22  Overlord  
  44  3:26  Drone  
  45  3:29  Drone  
  45  3:31  Queen  
  45  3:32  Queen  
  50  3:37  Drone  
  50  3:40  Drone  
  52  3:43  Drone x4  
  52  3:45  Drone  
  57  3:50  Drone  
  57  3:55  Overlord  
  58  3:57  Zergling x4  
  60  4:04  Zergling x4  
  60  4:07  Hatchery  
  60  4:08  Zergling x2  
  62  4:14  Zergling x12  
  68  4:17  Overlord  
  68  4:19  Spore Crawler  
  68  4:20  Spore Crawler  
  68  4:22  Overlord  
  68  4:23  Drone  
  67  4:26  Zergling x6  
  70  4:32  Extractor, Roach Warren  
  70  4:37  Overlord  
  68  4:40  Spore Crawler  
  68  4:41  Drone x4  
  68  4:42  Drone  
  68  4:45  Lair  
  72  4:48  Drone x2  
  72  4:50  Drone  
  75  4:53  Drone x2  
  75  4:54  Drone  
  75  4:57  Drone  
  79  5:01  Overlord, Extractor  
  79  5:02  Extractor  
  79  5:03  Drone x2  
  79  5:11  Overlord  
  77  5:19  Roach x8  
  91  5:24  Roach  
  91  5:25  Roach x2  
  97  5:31  Roach, Zergling x4  
  100  5:36  Overlord  
  100  5:40  Roach  
  100  5:41  Roach x3  
  98  5:50  Ravager  
  98  5:55  Zergling x22  
  98  5:56  Pneumatized Carapace  
  104  6:04  Roach  
  104  6:11  Overlord  
  106  6:12  Roach x3  
  106  6:17  Spore Crawler  
  111  6:20  Roach  
  111  6:21  Roach x3  
  120  6:25  Zergling x6  
  120  6:30  Zergling x10  
  127  6:33  Ravager x2  
  127  6:35  Zergling x6  
  127  6:39  Zergling x2  
  134  6:40  Zergling x2  
  134  6:47  Zergling x6  
  134  6:49  Ravager x2  
  134  6:51  Zergling x6  
  135  6:55  Zergling x2  
  119  7:17  Zergling x30  
  119  7:19  Ravager  
  127  7:27  Zergling x14  
  118  7:40  Zergling x16  
Show
View Real Time Build Order
Export as new Build Order

Harstem Protoss 

Build Orders: 1 Gate Expand, Oracle Opening 

Get SALT Encoding   

  12  0:00  Probe  
  13  0:12  Probe  
  14  0:17  Pylon  
  14  0:24  Probe  
  15  0:33  Probe  
  15  0:36  Gateway  
  15  0:41  Probe  
  16  0:46  Assimilator  
  17  0:51  Probe  
  18  1:04  Probe  
  19  1:16  Probe  
  20  1:23  Nexus  
  20  1:31  Cybernetics Core  
  20  1:33  Probe  
  20  1:38  Assimilator  
  21  1:45  Probe  
  22  1:48  Pylon  
  22  1:56  Stalker  
  22  1:57  Probe  
  23  2:06  Probe  
  23  2:07  Warp Gate  
  25  2:14  Probe  
  27  2:24  Probe, Adept  
  30  2:34  Stargate  
  30  2:35  Probe  
  30  2:36  Probe  
  32  2:47  Probe  
  32  2:48  Probe  
  34  3:00  Probe x2  
  36  3:08  Oracle, Nexus  
  36  3:12  Probe  
  37  3:14  Probe  
  41  3:24  Gateway  
  41  3:25  Probe  
  41  3:27  Probe  
  43  3:32  Pylon  
  43  3:38  Probe  
  43  3:39  Twilight Council  
  44  3:44  Probe  
  45  3:50  Probe, Gateway  
  45  3:53  Gateway  
  46  3:56  Probe  
  46  3:58  Pylon  
  46  3:59  Resonating Glaives  
  46  4:02  Probe  
  48  4:03  Assimilator  
  48  4:04  Adept  
  48  4:08  Probe  
  51  4:14  Probe  
  51  4:16  Pylon  
  52  4:20  Probe  
  52  4:21  Probe  
  54  4:25  Adept, Probe  
  54  4:29  Probe  
  57  4:31  Adept  
  57  4:33  Probe x2  
  57  4:37  Shield Battery, Probe  
  62  4:42  Probe  
  62  4:45  Probe, Adept x2  
  68  4:47  Adept  
  68  4:51  Probe, Pylon  
  68  4:52  Adept  
  74  4:54  Probe  
  74  4:57  Probe  
  75  5:03  Probe  
  75  5:06  Probe, Adept x2  
  81  5:07  Adept  
  81  5:11  Probe  
  81  5:15  Probe  
  81  5:18  Probe  
  81  5:19  Probe  
  83  5:25  Robotics Facility  
  83  5:27  Robotics Facility  
  85  5:28  Assimilator  
  85  5:29  Probe, Assimilator  
  85  5:30  Pylon  
  85  5:32  Assimilator  
  85  5:33  Sentry  
  85  5:34  Pylon  
  87  5:36  Forge  
  87  5:37  Probe  
  87  5:38  Probe  
  87  5:52  Probe  
  87  5:54  Probe  
  87  5:55  Probe  
  76  6:00  Protoss Ground Weapons Level 1  
  76  6:02  Sentry, Stalker x3  
  84  6:04  Probe  
  84  6:05  Pylon, Immortal  
  84  6:09  Shield Battery  
  84  6:11  Probe, Shield Battery  
  86  6:12  Immortal  
  91  6:19  Probe  
  95  6:26  Shield Battery  
  95  6:32  Photon Cannon  
  95  6:33  Sentry  
  95  6:34  Stalker  
  95  6:35  Photon Cannon x2  
  99  6:42  Adept, Photon Cannon  
  99  6:45  Immortal  
  99  6:49  Immortal  
  99  6:50  Sentry  
  109  6:56  Probe, Photon Cannon  
  109  6:57  Probe  
  103  7:09  Adept x2  
  103  7:11  Sentry  
  103  7:15  Pylon  
  109  7:19  Adept  
  105  7:22  Immortal  
  105  7:23  Immortal  
  105  7:29  Probe  
  96  7:30  Probe  
  96  7:31  Probe  
  96  7:37  Adept x2  
  89  7:41  Probe  
  89  7:43  Probe x2  
  79  7:53  Adept  
Tags
 
Add a new tag
Caveats
  • Supply blocks, unpowered buildings, or Contaminate may cause inaccurate times.
  • Supply counts are checked every 10 seconds.